 Dungeon Crawl Stone Soup version 0.30-a0-313-gae38170b09 (webtiles) character file.

Game seed: 11727459951403418597

3446 Lobster4 the Covered (level 10, -1/74 HPs)
             Began as a Gnoll Wanderer on Oct 27, 2022.
             Was a Follower of Fedhas.
             Slain by an orc warrior
             ... wielding a +2 glaive of venom
              (16 damage)
             ... on level 7 of the Dungeon.
             The game lasted 00:22:21 (5993 turns).

Lobster4 the Covered (Gnoll Wanderer)               Turns: 5993, Time: 00:22:22

Health: -1/74      AC:  8    Str: 20    XL:     10   Next: 6%
Magic:  6/6        EV: 15    Int: 14    God:    Fedhas [*.....]
Gold:   285        SH:  0    Dex: 20    Spells: 19/20 levels left

rFire   + + .      SeeInvis .    a - +11 sling of Balance {antimagic, Str+5 Dex+4}
rCold   . . .      Faith    .    (no shield)
rNeg    . . .      Spirit   .    g - +1 robe {Will+}
rPois   .          Reflect  .    o - +0 helmet
rElec   +          Harm     .    (no cloak)
rCorr   .          Rampage  .    (no gloves)
Will    ++...                    z - +2 pair of boots
Stlth   +++.......               (no amulet)
HPRegen 0.32/turn                j - ring "Wisev" {rElec rF+ Will+ Str+2 Int+4}
MPRegen 0.10/turn                t - ring of protection from fire

@: no status effects
A: fangs 1, strong nose, distributed training
a: Renounce Religion


You were on level 7 of the Dungeon.
You worshipped Fedhas.
Fedhas was aware of your devotion.
You visited 2 branches of the dungeon, and saw 8 of its levels.
You also visited: Sewer.

You collected 351 gold pieces.
You spent 66 gold pieces at shops.

Inventory:

Hand Weapons
 a - the +11 sling of Balance (weapon) {antimagic, Str+5 Dex+4}
   (You found it on level 4 of the Dungeon)

   It reduces the magical energy of the wielder, and disrupts the spells and
   magical abilities of those it strikes.
   Natural abilities and divine invocations are not affected.
   Str:       It affects your strength (+5).
   Dex:       It affects your dexterity (+4).
 b - a +2 short sword of venom
 x - a +0 short sword of holy wrath
 D - a +2 sling
 J - a +4 falchion of freezing
 O - a +1 vorpal war axe
Missiles
 f - 14 boomerangs
 h - 34 poisoned darts
 l - a curare-tipped dart
Armour
 e - a +0 leather armour
 g - a +1 robe of willpower (worn)
 m - a +0 ring mail
 o - a +0 helmet (worn)
 z - a +2 pair of boots (worn)
Magical Staves
 i - a staff of air
Jewellery
 j - the ring "Wisev" (left hand) {rElec rF+ Will+ Str+2 Int+4}
   (You acquired it in a sewer)

   [ring of willpower]

   Str:       It affects your strength (+2).
   Int:       It affects your intelligence (+4).
   rF:        It protects you from fire.
   rElec:     It insulates you from electricity.
   Will:      It increases your willpower.
 p - a ring of protection from cold
 r - a ring of see invisible
 t - a ring of protection from fire (right hand)
 y - the amulet "Farhotri" {Reflect rN+ Str+3 SH+5}
   (You found it on level 4 of the Dungeon)

   [amulet of reflection]

   It reflects blocked missile attacks.
   Str:       It affects your strength (+3).
   rN:        It protects you from negative energy.
   SH:        It affects your SH (+5).
 H - a ring of poison resistance
 I - an amulet of reflection
 L - a ring of ice
Wands
 M - a wand of charming (8)
Scrolls
 c - a scroll of vulnerability {unknown}
 n - a scroll of identify
 q - a scroll of immolation {unknown}
 s - a scroll of enchant weapon {unknown}
 v - a scroll of enchant armour {unknown}
 A - a scroll of summoning
 E - a scroll of torment {unknown}
 G - a scroll of butterflies {unknown}
 K - a scroll of poison {unknown}
Potions
 d - 2 potions of brilliance
 k - a potion of lignification
 u - a potion of invisibility
 w - 2 potions of heal wounds
 B - 3 potions of curing
 C - a potion of berserk rage
 F - a potion of might
 N - a potion of attraction {unknown}


   Skills:
 + Level 5.0 Fighting
 + Level 5.0 Short Blades
 + Level 5.0 Long Blades
 + Level 5.0 Axes
 + Level 5.0 Maces & Flails
 + Level 5.0 Polearms
 + Level 5.0 Staves
 + Level 6.9 Ranged Weapons
 + Level 6.9 Throwing
 + Level 6.9 Armour
 + Level 5.0 Dodging
 + Level 5.0 Stealth
 + Level 5.0 Shields
 + Level 5.0 Unarmed Combat
 + Level 5.8 Spellcasting
 + Level 4.2 Conjurations
 + Level 4.2 Hexes
 + Level 4.2 Summonings
 + Level 5.7 Necromancy
 + Level 4.2 Translocations
 + Level 4.2 Transmutations
 + Level 4.2 Fire Magic
 + Level 4.2 Ice Magic
 + Level 4.2 Air Magic
 + Level 4.2 Earth Magic
 + Level 4.2 Poison Magic
 + Level 5.5 Invocations
 + Level 5.7 Evocations


You had 19 spell levels left.
You knew the following spells:

 Your Spells              Type           Power      Damage    Failure   Level
a - Necrotise             Necr           80%        1d8       1%          1

Your spell library contained the following spells:

 Spells                   Type           Power      Damage    Failure   Level
 Freeze                   Ice            60%        1d7       2%          1
 Sandblast                Erth           30%        2d9       2%          1
 Passwall                 Tmut/Erth      12%        N/A       4%          2
 Vampiric Draining        Necr           20%        2d7       4%          3
 Frozen Ramparts          Ice            30%        1d5       9%          3
 Hailstorm                Conj/Ice       15%        3d5       9%          3
 Stone Arrow              Conj/Erth      30%        3d8       9%          3
 Ice Form                 Ice/Tmut       15%        N/A       28%         4
 Petrify                  Tmut/Erth      15%        N/A       28%         4
 Metabolic Englaciation   Hex/Ice        7%         N/A       61%         5
 Simulacrum               Ice/Necr       9%         N/A       97%         6
 Statue Form              Tmut/Erth      10%        N/A       99%         6


Dungeon Overview and Level Annotations

Branches:
Dungeon (7/15)             Temple (1/1) D:6           Sewer (visited)

Altars:
Cheibriados
Elyvilon
Fedhas
Gozag
Hepliaklqana
Makhleb
Nemelex Xobeh
Qazlal
Ru
Sif Muna
Trog
Uskayaw
Vehumet
Wu Jian
Yredelemnul
Zin
The Shining One

Shops:
D:2 ?

Annotations:
D:2 Sigmund
D:4 2 transporters
D:6 1 runed translucent door, DedanOfZone1's ghost, novice HOFi
D:7 1 transporter


Innate Abilities, Weirdness & Mutations

You have very sharp teeth.
Your uncanny sense of smell can sniff out nearby items.
Your experience applies equally to all skills.


Message History

The sling bullet closely misses the orc warrior.
The orc warrior shoots a bolt.
The bolt hits you!!
You are too injured to fight recklessly!
You are too injured to fight recklessly!
Fire: a) +11 sling of Balance {antimagic, Str+5 Dex+4}
Press: ? - help, Q - select action, (/) - cycle Shift-Dir - straight line, f/p - orc warrior
Aim: an orc warrior, wielding a +0 arbalest and wearing a +0 plate armour (severely wounded, 74% to hit)
You shoot a sling bullet.
The sling bullet barely misses the orc warrior.
The orc warrior shoots a bolt.
The bolt hits you!!
* * * LOW HITPOINT WARNING * * *
Fire: a) +11 sling of Balance {antimagic, Str+5 Dex+4}
Press: ? - help, Q - select action, (/) - cycle Shift-Dir - straight line, f/p - orc warrior
Aim: an orc warrior, wielding a +0 arbalest and wearing a +0 plate armour (severely wounded, 74% to hit)
You shoot a sling bullet.
The sling bullet hits the orc warrior but does no damage.
The orc warrior is severely wounded.
The orc warrior shoots a bolt.
The bolt barely misses you.
Fire: a) +11 sling of Balance {antimagic, Str+5 Dex+4}
Press: ? - help, Q - select action, (/) - cycle Shift-Dir - straight line, f/p - orc warrior
Aim: an orc warrior, wielding a +0 arbalest and wearing a +0 plate armour (severely wounded, 74% to hit)
You shoot a sling bullet.
The sling bullet barely misses the orc warrior.
The orc warrior shoots a bolt.
The bolt closely misses you.
Fire: a) +11 sling of Balance {antimagic, Str+5 Dex+4}
Press: ? - help, Q - select action, (/) - cycle Shift-Dir - straight line, f/p - orc warrior
Aim: an orc warrior, wielding a +0 arbalest and wearing a +0 plate armour (severely wounded, 74% to hit)
You shoot a sling bullet.
The sling bullet closely misses the orc warrior.
Fire: a) +11 sling of Balance {antimagic, Str+5 Dex+4}
Press: ? - help, Q - select action, (/) - cycle Shift-Dir - straight line, f/p - orc warrior
Aim: an orc warrior, wielding a +0 arbalest and wearing a +0 plate armour (severely wounded, 74% to hit)
You shoot a sling bullet. The sling bullet hits the orc warrior.
The orc warrior is almost dead.
The orc warrior unwields a +0 arbalest.
The orc warrior wields a +2 glaive of venom.
It begins to drip with poison!
The orc warrior hits you with a +2 glaive of venom!
You die...
Fedhas appreciates your contribution to the ecosystem.

##)..........###.#
#........####.....
###<)......# #.....
###.........## ##.....
####...)#.)..#### #......
##.)##.).#...##..####.....
#..†.#...#...#....# #.....
##..#.#...#...#.#..###.....
#..##.#..#@#..#.##†.##.....
#..#).#..#o#..#..#..#######
#..####..#.#..####..#
##..##..##.##..##..##
#......#...#......#
##....##)..##....##
##..##.....##..##
####..#.#..#### #..#####..#


You could see an orc warrior.

Vanquished Creatures
  Pikel (D:6)
  Grinder (Sewer)
  Menkaure (D:6)
  A water moccasin (D:6)
  2 sky beasts
  3 ice beasts
  An ogre (D:4)
  4 lemures (D:6)
  2 phantoms
  Blork the orc (D:5)
  2 kobold brigands
  A bullfrog (D:7)
  6 scorpions
  10 wights
  2 howler monkeys
  4 hounds
  A jelly (D:6)
  Jessica (D:3)
  6 iguanas
  3 orc wizards
  7 adders
  2 river rats (D:3)
  6 ufetubi
  11 worms
  A dart slug (D:1)
  13 orcs
  8 ball pythons
  8 bats
  8 endoplasms
  7 giant cockroaches
  6 goblins
  4 hobgoblins
  2 jackals (D:5)
  3 quokkas
  3 frilled lizards
  30 kobolds
  4 kobold zombies (Sewer)
  7 rats
183 creatures vanquished.

Vanquished Creatures (others)
  4 fungi (D:1)
  2 plants (D:1)
6 creatures vanquished.

Grand Total: 189 creatures vanquished

Notes
Turn   | Place    | Note
-------+----------+-------------------------------------------
     0 | D:1      | Lobster4 the Gnoll Wanderer began the quest for the Orb.
     0 | D:1      | Lobster4 set off with the following items: a +2 sling, 12
                  | poisoned darts, a +0 dagger, a potion of brilliance, a +0
                  | leather armour; and the following spell memorised:
                  | Necrotise; and the following spells available to memorise:
                  | Vampiric Draining.
     0 | D:1      | Reached XP level 1. HP: 13/13 MP: 4/4
    95 | D:1      | Found a faded altar of an unknown god.
   110 | D:1      | Reached XP level 2. HP: 18/19 MP: 5/5
   752 | D:1      | Reached XP level 3. HP: 25/25 MP: 7/7
   857 | D:2      | Reached skill level 1 in Invocations
   970 | D:2      | Found Bigi's Magic Scroll Emporium.
   973 | D:2      | Bought a scroll of identify for 22 gold pieces
   977 | D:2      | Bought a scroll of identify for 22 gold pieces
   977 | D:2      | Bought a scroll of identify for 22 gold pieces
  1071 | D:2      | Reached skill level 1 in Fighting
  1071 | D:2      | Reached skill level 1 in Short Blades
  1071 | D:2      | Reached skill level 1 in Long Blades
  1071 | D:2      | Reached skill level 1 in Axes
  1071 | D:2      | Reached skill level 1 in Maces & Flails
  1071 | D:2      | Reached skill level 1 in Polearms
  1071 | D:2      | Reached skill level 1 in Staves
  1071 | D:2      | Reached skill level 1 in Dodging
  1071 | D:2      | Reached skill level 1 in Stealth
  1071 | D:2      | Reached skill level 1 in Shields
  1071 | D:2      | Reached skill level 1 in Unarmed Combat
  1225 | D:2      | Noticed Sigmund
  1255 | D:1      | Reached XP level 4. HP: 13/32 MP: 8/8
  1499 | D:3      | Noticed Jessica
  1504 | D:3      | Killed Jessica
  1505 | D:3      | Reached skill level 1 in Conjurations
  1505 | D:3      | Reached skill level 1 in Hexes
  1505 | D:3      | Reached skill level 1 in Summonings
  1505 | D:3      | Reached skill level 1 in Translocations
  1505 | D:3      | Reached skill level 1 in Transmutations
  1505 | D:3      | Reached skill level 1 in Fire Magic
  1505 | D:3      | Reached skill level 1 in Ice Magic
  1505 | D:3      | Reached skill level 1 in Air Magic
  1505 | D:3      | Reached skill level 1 in Earth Magic
  1505 | D:3      | Reached skill level 1 in Poison Magic
  1605 | D:3      | Reached XP level 5. HP: 30/37 MP: 9/9
  1700 | D:3      | Found a glowing drain.
  1705 | Sewer    | Entered a sewer
  2078 | Sewer    | Reached XP level 6. HP: 21/44 MP: 9/11
  2170 | Sewer    | Noticed Grinder
  2235 | Sewer    | Reached skill level 5 in Ranged Weapons
  2235 | Sewer    | Reached skill level 5 in Throwing
  2235 | Sewer    | Reached skill level 5 in Armour
  2345 | Sewer    | Identified a scroll of acquirement
  2345 | Sewer    | Acquired the ring "Wisev" {rElec rF+ Will+ Str+2 Int+4}
  2354 | Sewer    | Killed Grinder
  2355 | Sewer    | Reached XP level 7. HP: 46/51 MP: 12/12
  2404 | Sewer    | Found an ancient bone altar of Kikubaaqudgha.
  2886 | D:3      | Found an opulent altar of Gozag.
  3334 | D:4      | Identified the +11 sling of Balance {antimagic, Str+5
                  | Dex+4}
  3405 | D:4      | Found a transporter.
  3478 | D:4      | Found a basalt altar of Yredelemnul.
  3483 | D:4      | Found a glowing silver altar of Zin.
  3502 | D:4      | Found a transporter.
  3823 | D:4      | Identified the amulet "Farhotri" {Reflect rN+ Str+3 SH+5}
  3992 | D:5      | Entered Level 5 of the Dungeon
  4000 | D:5      | Reached XP level 8. HP: 58/58 MP: 4/14
  4607 | D:5      | Noticed Blork the orc
  4613 | D:5      | Killed Blork the orc
  4725 | D:6      | Reached skill level 5 in Necromancy
  4737 | D:6      | Noticed Pikel
  4889 | D:6      | Reached XP level 9. HP: 65/65 MP: 5/16
  4913 | D:6      | Found a staircase to the Ecumenical Temple.
  4922 | Temple   | Entered the Ecumenical Temple
  4967 | Temple   | Became a worshipper of Fedhas Madash
  5093 | D:6      | Reached skill level 5 in Spellcasting
  5111 | D:6      | Killed Pikel
  5112 | D:6      | Reached skill level 5 in Evocations
  5133 | D:6      | Reached skill level 5 in Invocations
  5310 | D:6      | Noticed Menkaure
  5313 | D:6      | Killed Menkaure
  5454 | D:6      | Found a runed translucent door.
  5456 | D:6      | Noticed DedanOfZone1's ghost (novice HOFi)
  5592 | D:7      | Reached * piety under Fedhas
  5631 | D:7      | Found a transporter.
  5802 | D:7      | Reached skill level 5 in Fighting
  5802 | D:7      | Reached skill level 5 in Short Blades
  5802 | D:7      | Reached skill level 5 in Long Blades
  5802 | D:7      | Reached skill level 5 in Axes
  5802 | D:7      | Reached skill level 5 in Maces & Flails
  5802 | D:7      | Reached skill level 5 in Polearms
  5802 | D:7      | Reached skill level 5 in Staves
  5802 | D:7      | Reached skill level 5 in Dodging
  5802 | D:7      | Reached skill level 5 in Stealth
  5802 | D:7      | Reached skill level 5 in Shields
  5802 | D:7      | Reached skill level 5 in Unarmed Combat
  5802 | D:7      | Reached XP level 10. HP: 74/74 MP: 6/18
  5993 | D:7      | Slain by an orc warrior

Illustrated notes

Levels and vault maps discovered:
D:1:      lemuel_arrival_muddy, layout_basic, chequers_ecumenical_altar_island
D:2:      minmay_chambers_of_ones, layout_basic, serial_shops,
          nicolae_shop_behind_doors, uniq_sigmund
D:3:      layout_loops_ring, mainiacjoe_overflow_concentric_impassable,
          lightli_sewer_entry_pipes, uniq_jessica
D:4:      gammafunk_wand_slinger, layout_loops_ring,
          mainiacjoe_overflow_small_starburst, kennysheep_mini,
          kennysheep_crisscross, nicolae_wormholes
D:5:      layout_basic, nicolae_overflow_hidden_temple, uniq_grinder,
          uniq_blork_the_orc
D:6:      layout_rooms, minmay_temple_entry_antechambers,
          ebering_ghost_reflecting_pool, uniq_pikel, uniq_menkaure
D:7:      layout_rooms, gammafunk_ghost_hive, skrybe_limestone_x, st_stairs_6,
          minmay_puff
Temple:   jpeg_temple_clearing

Skill      XL: |  1  2  3  4  5  6  7  8  9 |
---------------+----------------------------+-----
Invocations    | 1 2 3 4 5 |  5.5
Fighting       | 1 2 3 5 |  5.0
Short Blades   | 1 2 3 5 |  5.0
Long Blades    | 1 2 3 5 |  5.0
Axes           | 1 2 3 5 |  5.0
Maces & Flails | 1 2 3 5 |  5.0
Polearms       | 1 2 3 5 |  5.0
Staves         | 1 2 3 5 |  5.0
Dodging        | 1 2 3 5 |  5.0
Stealth        | 1 2 3 5 |  5.0
Shields        | 1 2 3 5 |  5.0
Unarmed Combat | 1 2 3 5 |  5.0
Spellcasting   | 3 4 5 |  5.8
Conjurations   | 1 2 3 4 |  4.2
Hexes          | 1 2 3 4 |  4.2
Summonings     | 1 2 3 4 |  4.2
Translocations | 1 2 3 4 |  4.2
Transmutations | 1 2 3 4 |  4.2
Fire Magic     | 1 2 3 4 |  4.2
Ice Magic      | 1 2 3 4 |  4.2
Air Magic      | 1 2 3 4 |  4.2
Earth Magic    | 1 2 3 4 |  4.2
Poison Magic   | 1 2 3 4 |  4.2
Evocations     | 3 4 5 |  5.7
Necromancy     | 4 5 |  5.7
Ranged Weapons | 5 6 |  6.9
Throwing       | 5 6 |  6.9
Armour         | 5 6 |  6.9

Action                   |  1- 3 |  4- 6 |  7- 9 | 10-12 || total
-------------------------+-------+-------+-------+-------++-------
Melee: Mace              |     1 |       |       |       ||     1
       Short sword       |     2 |    22 |    15 |       ||    39
       Bite              |       |     2 |     3 |       ||     5
 Fire: Sling             |    96 |   185 |   283 |    43 ||   607
  Use: Scroll            |     2 |     6 |     4 |       ||    12
       Potion            |       |     3 |     1 |       ||     4
Armor: Leather armour    |     5 |       |       |       ||     5
       Ring mail         |    25 |     1 |       |       ||    26
       Robe              |       |    60 |    37 |     1 ||    98
Dodge: Dodged            |    39 |   151 |    90 |    23 ||   303

Table legend: (Time is in decaauts)
 A = Elapsed time spent in this place.
 B = Non-inter-level travel time spent in this place.
 C = Inter-level travel time spent in this place.
 D = Time resting spent in this place.
 E = Time spent auto-exploring this place.
 F = Levels seen in this place.
 G = Mean time per level.
                   A        B        C        D        E       F      G
               +--------+--------+--------+--------+--------+-----+--------+
         Total |   6115 |   5899 |    216 |    559 |   3778 |   9 |  679.4 |
       Dungeon |   4927 |   4723 |    204 |    155 |   3412 |   7 |  703.9 |
        Temple |    111 |     99 |     12 |      0 |     81 |   1 |  111.0 |
         Sewer |   1076 |   1076 |      0 |    404 |    284 |   1 | 1076.0 |
               +--------+--------+--------+--------+--------+-----+--------+

Top non-repeatable levels by time:
   Sewer: 1076 daAuts
     D:1: 913 daAuts
     D:3: 892 daAuts
     D:6: 715 daAuts
     D:4: 689 daAuts
     D:5: 675 daAuts
     D:2: 521 daAuts
     D:7: 519 daAuts
  Temple: 111 daAuts
